 Dungeon Sprint DCSS version 0.19-a0-895-gdbd5520 (webtiles) character file.

3695 LORDOFBUTT the Brawler (level 9, -1/92 HPs)
             Began as a Troll Berserker on July 4, 2016.
             Was the Champion of Trog.
             Slain by a crocodile (11 damage)
             ... in the Dungeon (Sprint IX: "|||||||||||||||||||||||||||||").
             The game lasted 00:01:56 (506 turns).

LORDOFBUTT the Brawler (Troll Berserker)             Turns: 506, Time: 00:01:56

Health: -1/92      AC:  8    Str: 27    XL:     9   Next: 90%
Magic:  8/8        EV: 14    Int:  4    God:    Trog [******]
Gold:   15         SH:  0    Dex:  9    Spells: 0 memorised, 8 levels left

rFire  . . .     SeeInvis .       - Unarmed
rCold  . . .     Gourm    +     a - +0 animal skin
rNeg   . . .     Faith    .     (no shield)
rPois  .         Spirit   .     (helmet restricted)
rElec  .         Dismiss  .     n - +0 cloak
rCorr  .         Reflect  .     (gloves unavailable)
SustAt .         Harm     .     (boots unavailable)
MR     .....     NoTele   +     (no amulet)
Stlth  +.........               m - +2 ring of protection
                                l - +2 ring of evasion

@: exhausted, slowed, very slow, not resistant to hostile enchantments, very
unstealthy
A: unfitting armour, claws 3, talons 1, clumsy 1, deterioration 1, fast
metabolism 3, gourmand, regeneration 2, shaggy fur 1, tough skin 2, MP-powered
wands
a: Berserk, Trog's Hand, Brothers in Arms, Burn Spellbooks, Renounce Religion


You were in the Dungeon.
You worshipped Trog.
Trog was exalted by your worship.
You were full.

You visited 1 branch You collected 15 gold pieces.

Inventory:

Armour
 a - a +0 animal skin (worn)
 n - a +0 cloak (worn)
Jewellery
 l - a +2 ring of evasion (left claw)
 m - a +2 ring of protection (right claw)
Wands
 k - a wand of iceblast (7/15)
Scrolls
 h - 3 scrolls of blinking
 j - 3 scrolls of remove curse
 r - 4 scrolls of enchant armour
 s - a scroll of recharging
 t - 2 scrolls of enchant weapon
Potions
 c - 7 potions of curing
 d - 5 potions of heal wounds
 e - a potion of haste
 f - 4 potions of magic
 g - a potion of berserk rage
 i - a potion of invisibility
 o - a potion of resistance
 p - a potion of might
Comestibles
 b - 2 bread rations
 q - a meat ration


   Skills:
 - Level 6.4 Fighting
 - Level 5.6 Dodging
 + Level 1.7 Stealth
 + Level 19.4 Unarmed Combat


You had 8 spell levels left.
You didn't know any spells.

Dungeon Overview and Level Annotations

Branches:
Dungeon (1/1)

Altars:
Cheibriados
Dithmenos
Elyvilon
Fedhas
Gozag
Hepliaklqana
Kikubaaqudgha
Makhleb
Nemelex Xobeh
Okawaru
Pakellas
Qazlal
Ru
Sif Muna
Trog
Uskayaw
Vehumet
Xom
Yredelemnul
Zin
The Shining One
Beogh
Jiyva
Lugonu


Innate Abilities, Weirdness & Mutations

You are too large for most types of armour.
You have claws for hands.
Your metabolism is lightning-fast.
You like to eat raw meat.
You heal very quickly.
You are covered in fur. (AC +1)
You have very tough skin. (AC +2)
You have sharp toenails.
You are clumsy. (Dex -2)
Your body sometimes deteriorates upon taking damage.
You expend magic power (3 MP) to strengthen your wands.


Message History

You kill the water moccasin!
Trog accepts your kill.
The blink frog blinks!
The porcupine misses you.
You see here a water moccasin corpse.
You barely miss the porcupine. Your kick misses the porcupine.
The blink frog blinks!
The porcupine bites you!
* * * LOW HITPOINT WARNING * * *
You feel a strong urge to attack something.
The porcupine closely misses you.
You see here a water moccasin corpse.
You claw the porcupine!
The porcupine is heavily wounded.
The porcupine closely misses you.
You eviscerate the porcupine!!!
You kill the porcupine!
Trog accepts your kill.
You are no longer berserk.
You are exhausted.
You feel yourself slow down. The crocodile bites you!
You die...

▓_▓.▓÷▓
▓_▓.▓.▓
▓_▓.▓.▓
▓_▓.▓F▓
▓_▓.▓.▓
▓_▓.▓.▓
▓_▓.▓.▓
▓_▓.▓†▓
▓_▓.▓@▓
▓_▓.▓t▓
▓_▓.▓F▓
▓_▓.▓.▓
▓_▓.▓.▓
▓_▓.▓.▓
▓_▓.▓.▓
▓_▓.▓.▓
▓_▓.▓


You could see a blink frog, a crocodile and a giant frog.

Vanquished Creatures
  A centaur warrior (D)
  A hill giant (D)
  A spiny frog (D)
  2 komodo dragons (D)
  3 blink frogs (D)
  A hungry ghost (D)
  A water moccasin (D)
  3 porcupines (D)
  2 sky beasts (D)
  A centaur (D)
  2 ogres (D)
  A crocodile (D)
  A giant frog (D)
  A crimson imp (D)
  2 iguanas (D)
  2 worker ants (D)
  2 adders (D)
  A river rat (D)
  An adder skeleton (D)
  A worm (D)
  A giant gecko (D)
  A bat skeleton (D)
  A hobgoblin (D)
  2 kobolds (D)
  A rat (D)
36 creatures vanquished.

Notes
Turn   | Place    | Note
-------+----------+-------------------------------------------
     0 | D        | LORDOFBUTT the Troll Berserker began the quest for the Orb.
     0 | D        | Reached XP level 1. HP: 22/22 MP: 0/0
     9 | D        | Reached ** piety under Trog
    17 | D        | Noticed a crimson imp
    17 | D        | Noticed a centaur
    17 | D        | Noticed an ogre
    20 | D        | Reached XP level 2. HP: 31/31 MP: 1/1
    23 | D        | Reached *** piety under Trog
    23 | D        | Reached skill level 4 in Unarmed Combat
    32 | D        | Killed a centaur
    32 | D        | Reached skill level 5 in Fighting
    32 | D        | Reached skill level 6 in Unarmed Combat
    32 | D        | Reached XP level 3. HP: 34/42 MP: 2/2
    32 | D        | Reached XP level 4. HP: 41/50 MP: 3/3
    35 | D        | Killed an ogre
    35 | D        | Reached skill level 5 in Dodging
    35 | D        | Reached skill level 7 in Unarmed Combat
    35 | D        | Reached XP level 5. HP: 27/59 MP: 4/4
    40 | D        | Reached **** piety under Trog
   101 | D        | Found a glowing silver altar of Zin.
   101 | D        | Found a glowing golden altar of the Shining One.
   101 | D        | Found an ancient bone altar of Kikubaaqudgha.
   101 | D        | Found a basalt altar of Yredelemnul.
   101 | D        | Found a shimmering altar of Xom.
   101 | D        | Found a radiant altar of Vehumet.
   102 | D        | Found an iron altar of Okawaru.
   103 | D        | Found a burning altar of Makhleb.
   104 | D        | Found a deep blue altar of Sif Muna.
   105 | D        | Found a bloodstained altar of Trog.
   106 | D        | Found a sparkling altar of Nemelex Xobeh.
   107 | D        | Found a white marble altar of Elyvilon.
   108 | D        | Found a roughly hewn altar of Beogh.
   109 | D        | Found a viscous altar of Jiyva.
   110 | D        | Found a corrupted altar of Lugonu.
   111 | D        | Found a blossoming altar of Fedhas.
   112 | D        | Found a snail-covered altar of Cheibriados.
   113 | D        | Found a shadowy altar of Dithmenos.
   114 | D        | Found a stormy altar of Qazlal.
   115 | D        | Found an opulent altar of Gozag.
   116 | D        | Found a sacrificial altar of Ru.
   117 | D        | Found an oddly glowing altar of Pakellas.
   118 | D        | Found a hide-covered altar of Uskayaw.
   119 | D        | Found a hazy altar of Hepliaklqana.
   157 | D        | Noticed a sky beast
   157 | D        | Noticed a sky beast
   167 | D        | Killed a sky beast
   167 | D        | Reached skill level 9 in Unarmed Combat
   167 | D        | Reached XP level 6. HP: 49/68 MP: 5/5
   174 | D        | Reached ***** piety under Trog
   174 | D        | Reached skill level 10 in Unarmed Combat
   189 | D        | Killed a sky beast
   189 | D        | Reached skill level 11 in Unarmed Combat
   198 | D        | Gained mutation: Your body sometimes deteriorates upon taking damage. [mutagenic meat]
   201 | D        | Gained mutation: You have sharp toenails. [mutagenic meat]
   204 | D        | Gained mutation: You are clumsy. (Dex -2) [mutagenic meat]
   207 | D        | Gained mutation: You expend magic power (3 MP) to strengthen your wands. [mutagenic meat]
   212 | D        | Noticed a centaur warrior
   212 | D        | Noticed a hungry ghost
   212 | D        | Noticed a hill giant
   216 | D        | Received a gift from Trog
   217 | D        | Reached skill level 12 in Unarmed Combat
   217 | D        | Reached XP level 7. HP: 65/76 MP: 6/6
   226 | D        | Killed a centaur warrior
   226 | D        | Reached skill level 1 in Stealth
   226 | D        | Reached skill level 14 in Unarmed Combat
   226 | D        | Reached XP level 8. HP: 46/84 MP: 7/7
   230 | D        | Reached skill level 15 in Unarmed Combat
   233 | D        | Killed a hill giant
   233 | D        | Reached skill level 16 in Unarmed Combat
   424 | D        | Noticed a blink frog
   424 | D        | Noticed a spiny frog
   426 | D        | Killed a blink frog
   426 | D        | Reached XP level 9. HP: 92/92 MP: 8/8
   431 | D        | Reached skill level 17 in Unarmed Combat
   432 | D        | Noticed a komodo dragon
   434 | D        | Noticed a komodo dragon
   439 | D        | Killed a spiny frog
   441 | D        | Received a gift from Trog
   443 | D        | Killed a komodo dragon
   443 | D        | Reached skill level 18 in Unarmed Combat
   446 | D        | Killed a komodo dragon
   446 | D        | Reached ****** piety under Trog
   488 | D        | Reached skill level 19 in Unarmed Combat
   506 | D        | Slain by a crocodile

Vault maps used:
D:        linesprint

Skill      XL: |  1  2  3  4  5  6  7  8  9 |
---------------+----------------------------+-----
Fighting       | 3 5 6 |  6.4
Dodging        | 3 4 5 |  5.6
Unarmed Combat | 6 7 9 12 14 16 19 | 19.4
Stealth        | 1 |  1.7

Action                   |  1- 3 |  4- 6 |  7- 9 || total
-------------------------+-------+-------+-------++-------
Melee: Unarmed           |    20 |    42 |    50 ||   112
       Punch             |       |     3 |     3 ||     6
       Kick              |       |       |    11 ||    11
Invok: Berserk           |       |       |     1 ||     1
  Eat: Chunk             |       |     4 |    10 ||    14
Armor: Animal skin       |     9 |     7 |     4 ||    20
Dodge: Dodged            |    10 |    11 |    16 ||    37
